Construct Section Command Post
Selects Indian Artillery Battlegroup
Selects Indian Artillery Battlegroup
Selects Indian Artillery Battlegroup
Construct Platoon Command Post
Unlock M3 Stuart Light Tanks
Selects Gurkha Rifles Section
6-pounder Anti-tank Gun Team
Construct Company Command Post
Selects Volunteer Infantry
Selects Artillery Saturation
Selects Off-map Airburst Barrage
Unlock Towed 17-pounder Anti-tank Guns
Selects Perimeter Monitor
Selects BL5.5 Artillery Emplacement
17-pounder Anti-tank Gun Team
Unlock M3 Grant Medium Tanks
17-pounder Anti-tank Gun Team